 Seeded DCSS version 0.30-a0-1160-g6e42c06 (webtiles) character file.

Game seed: 2022344674040805297 (custom seed)

4 malesh the Firebug (level 1, 11/11 HPs)
             Began as a Vine Stalker Cinder Acolyte on Apr 25, 2023.
             Was a High Priest of Ignis.
             Quit the game on level 1 of the Dungeon.
             The game lasted 00:00:47 (67 turns).

malesh the Firebug (Vine Stalker Cinder Acolyte)      Turns: 67, Time: 00:00:47

Health: 11/11      AC:  2    Str: 16    XL:     1   Next: 60%
Magic:  3/3        EV: 11    Int: 14    God:    Ignis [*****.]
Gold:   0          SH:  0    Dex:  9    Spells: 2/2 levels left

rFire   + . .        a - -1 falchion (flame)
rCold   . . .        (no shield)
rNeg    . . .        b - +0 robe
rPois   .            (no helmet)
rElec   .            (no cloak)
rCorr   .            (no gloves)
SInv    .            (no boots)
Will    .....        (no amulet)
Stlth   +            (no ring)
HPRegen 0.21/turn    (no ring)
MPRegen 0.08/turn

%: guardian spirit
@: no status effects
A: fangs 2, magic shield, antimagic bite, no potion heal 2
a: Renounce Religion, Fiery Armour, Foxfire Swarm, Rising Flame


You were on level 1 of the Dungeon.
You worshipped Ignis.
Ignis was extremely pleased with you.
You visited 1 branch of the dungeon, and saw 1 of its levels.

Inventory:

Hand Weapons
 a - a -1 falchion of flaming (weapon)
Armour
 b - a +0 robe (worn)
Potions
 c - a potion of heal wounds {unknown}


   Skills:
 + Level 2.8 Fighting
 + Level 2.8 Long Blades
 + Level 1.1 Spellcasting
 + Level 3.1 Fire Magic


You had 2 spell levels left.
You didn't know any spells.
Your spell library contained the following spells:

 Spells                   Type           Power      Damage    Failure   Level
 Scorch                   Fire           18%        2d5       11%         2


Dungeon Overview and Level Annotations

Branches:
Dungeon (1/15)

Altars:


Innate Abilities, Weirdness & Mutations

You have extremely sharp teeth.
When hurt, damage is shared between your health and your magic reserves.
Your bite disrupts and absorbs the magic of your enemies.
Potions cannot restore your health.


Message History

The foxfire hits the quokka.
The quokka is severely wounded.
The foxfire hits the quokka.
You kill the quokka!
c - a black potion Your foxfire dissipates!
Your foxfire dissipates! x2
Magic restored.
HP restored.
A goblin comes into view. It is wielding a +0 dagger.
The goblin shouts!
You hear a shout!
You don't know any spells.
Okay, then.
You hit the goblin. You burn the goblin.
You kill the goblin!
A hobgoblin comes into view.
A hobgoblin is nearby!
You see here a +0 dagger.
No target in view!
No target in view!
No target in view!
A hobgoblin is nearby!
You see here a +0 dagger.
You barely miss the hobgoblin. You bite the hobgoblin. You drain its power.
The hobgoblin is heavily wounded.
The hobgoblin closely misses you.
You barely miss the hobgoblin.
The hobgoblin is heavily wounded.
The hobgoblin closely misses you.
You barely miss the hobgoblin. Your bite misses the hobgoblin.
The hobgoblin is heavily wounded.
The hobgoblin closely misses you.
You hit the hobgoblin but do no damage. You bite the hobgoblin.
You kill the hobgoblin!
No target in view!
Okay, then.
Are you sure you want to abandon this character and quit the game? (Confirm with "yes".)
Okay, then.
Unknown command.
Are you sure you want to abandon this character and quit the game? (Confirm with "yes".)

.!.#.#.#.#.#...
..#.#.#.#.. #.
..##.#...#.##?..
....#.....#.... #
#...<...######.#
.$..#.....#.......#
. #.#...#.##.....#
..#.#.#.#..##...#
...#.#.#.#.#@..#
..#..#.#.#(.#......#
.#.. ..#..#..#....^#
...#..#..#...#..#.#
.. #...#.......# ..
#........##.#
.).....#.# #
###...... .####.


There were no monsters in sight!

Vanquished Creatures
  A goblin (D:1)
  A hobgoblin (D:1)
  A quokka (D:1)
3 creatures vanquished.

Vanquished Creatures (others)
  6 foxfires (D:1)
6 creatures vanquished.

Grand Total: 9 creatures vanquished

Notes
Turn   | Place    | Note
-------+----------+-------------------------------------------
     0 | D:1      | malesh the Vine Stalker Cinder Acolyte began the quest for
                  | the Orb.
     0 | D:1      | Reached XP level 1. HP: 11/11 MP: 3/3
    67 | D:1      | Quit the game

Illustrated notes

Levels and vault maps discovered:
D:1:      minmay_arrival_radiant_lines, layout_loops_cross, serial_aquarium,
          aquarium_bridge_straight [aquarium_subvault_bridge,
          aquarium_subvault_window, aquarium_subvault_bridge,
          aquarium_subvault_window], aquarium_window_2, aquarium_window_fake,
          aquarium_window_fake, aquarium_view_2e, aquarium_pool_2,
          minmay_tetromino_o2

Action                     || total
---------------------------++-------
  Melee: Falchion          ||    10
         Bite              ||     3
 Invoke: Foxfire Swarm     ||     1
 Armour: Robe              ||     1
  Dodge: Dodged            ||     6

Table legend: (Time is in decaauts)
 A = Elapsed time spent in this place.
 B = Non-inter-level travel time spent in this place.
 C = Inter-level travel time spent in this place.
 D = Time resting spent in this place.
 E = Time spent auto-exploring this place.
 F = Levels seen in this place.
 G = Mean time per level.
                   A        B        C        D        E       F      G
               +--------+--------+--------+--------+--------+-----+--------+
         Total |     68 |     68 |      0 |      0 |     42 |   1 |   68.0 |
       Dungeon |     68 |     68 |      0 |      0 |     42 |   1 |   68.0 |
               +--------+--------+--------+--------+--------+-----+--------+

Top non-repeatable levels by time:
     D:1: 68 daAuts
